Map: [ESL] Inside and Out

Players

Serral

  • Race: Zerg Zerg
  • Spawn Location: 7:00

Clem - Winner!

  • Race: Terran Terran
  • Spawn Location: 1:00

Event: DreamHack SC2 Masters 2022 Atlanta (Online)

VOD

Have the link to the VOD?

Description

Time

  • Played on: Oct. 16, 2022, 12:42 p.m.
  • Length: 18:20

All games in this series

Show
View Real Time Build Order
Export as new Build Order

Serral Zerg 

Build Orders: Hatch First 

Get SALT Encoding   

  12  0:00  Drone  
  13  0:13  Overlord  
  13  0:17  Drone  
  14  0:31  Drone x2  
  16  0:47  Hatchery  
  15  0:50  Drone  
  15  0:53  Drone  
  17  0:57  Drone  
  18  1:08  Extractor  
  17  1:12  Spawning Pool  
  17  1:15  Drone  
  17  1:18  Drone  
  18  1:28  Drone  
  19  1:39  Drone  
  20  1:50  Drone  
  21  1:59  Queen x2  
  21  2:00  Zergling x4  
  27  2:11  Drone, Overlord  
  28  2:16  Metabolic Boost  
  28  2:27  Hatchery  
  27  2:31  Spore Crawler  
  27  2:35  Drone  
  27  2:37  Drone x2  
  27  2:40  Drone  
  30  2:45  Queen  
  30  2:51  Overlord  
  32  2:54  Drone  
  32  2:56  Drone  
  32  2:58  Drone  
  35  3:04  Overlord  
  35  3:09  Zergling x6  
  35  3:11  Zergling x2  
  39  3:15  Zergling x2  
  39  3:19  Queen  
  42  3:21  Zergling x2  
  43  3:30  Queen  
  45  3:36  Drone x3  
  45  3:40  Queen  
  50  3:41  Overlord  
  50  3:43  Drone  
  50  3:47  Drone x2  
  53  3:51  Drone x2  
  55  3:59  Drone x2  
  55  4:02  Drone x4  
  61  4:05  Overlord  
  60  4:10  Overlord  
  60  4:12  Drone  
  60  4:16  Queen  
  62  4:20  Queen  
  62  4:23  Zergling x2  
  65  4:24  Drone x2  
  65  4:28  Zergling x2  
  68  4:32  Drone  
  68  4:33  Drone  
  68  4:34  Baneling Nest  
  69  4:38  Drone x2  
  69  4:39  Drone x2  
  69  4:40  Drone x2  
  69  4:43  Lair  
  75  4:45  Drone  
  75  4:46  Drone  
  75  4:49  Drone x3  
  80  4:53  Extractor  
  80  4:56  Zergling x4  
  81  5:01  Spore Crawler  
  81  5:03  Spore Crawler x2  
  79  5:08  Hatchery  
  79  5:10  Queen  
  79  5:11  Drone  
  79  5:14  Drone x2, Extractor  
  80  5:16  Overlord  
  80  5:18  Drone  
  80  5:19  Drone  
  82  5:24  Overlord x2  
  82  5:28  Overlord  
  82  5:35  Drone  
  82  5:36  Drone x7, Extractor  
  82  5:41  Overseer  
  89  5:43  Drone x5  
  89  5:45  Centrifugal Hooks  
  95  5:50  Hatchery  
  95  5:52  Drone x2  
  95  5:54  Drone  
  97  5:57  Hatchery  
  97  5:59  Extractor  
  97  6:01  Evolution Chamber  
  97  6:02  Drone x4, Evolution Chamber  
  97  6:03  Hatchery  
  98  6:04  Drone  
  98  6:07  Evolution Chamber  
  95  6:11  Zergling x4  
  93  6:19  Drone x5  
  93  6:24  Zergling x2  
  85  6:29  Zergling x2  
  85  6:30  Zergling x2  
  82  6:33  Drone x4  
  81  6:40  Drone  
  81  6:42  Zerg Melee Weapons Level 1  
  81  6:43  Zerg Ground Armor Level 1  
  81  6:45  Drone x4  
  86  6:49  Zergling x2  
  86  6:50  Queen x2  
  86  6:52  Drone  
  89  6:56  Zergling x2  
  89  6:57  Baneling x6  
  89  7:00  Drone  
  91  7:02  Baneling, Drone  
  91  7:03  Baneling  
  91  7:06  Zergling x2  
  93  7:09  Zergling x2  
  93  7:12  Zergling x2, Drone x2  
  93  7:13  Zergling x2  
  93  7:14  Baneling  
  93  7:15  Queen  
  100  7:18  Zergling x4  
  100  7:21  Drone x3  
  105  7:29  Zergling x2  
  107  7:30  Zergling x6  
  107  7:31  Baneling x5  
  109  7:39  Drone x6  
  109  7:42  Hydralisk Den  
  109  7:43  Baneling x2  
  114  7:50  Zergling x14  
  117  8:03  Overlord  
  116  8:05  Overlord x2  
  116  8:06  Drone, Overlord  
  116  8:08  Drone  
  116  8:09  Zergling x2  
  119  8:16  Grooved Spines  
  119  8:19  Zergling x4  
  119  8:20  Overseer, Hatchery  
  119  8:22  Zergling x18  
  128  8:27  Drone  
  128  8:28  Drone x2  
  128  8:32  Baneling x3  
  132  8:34  Zergling x10  
  132  8:37  Zerg Melee Weapons Level 2, Zerg Ground Armor Level 2  
  132  8:41  Drone x3  
  139  8:42  Baneling x3, Pneumatized Carapace  
  134  8:49  Zergling x20  
  134  8:51  Overlord  
  142  8:58  Overseer  
  142  9:00  Drone  
  142  9:02  Zergling x2  
  141  9:07  Zergling x10  
  141  9:10  Baneling x10  
  141  9:14  Zergling x6  
  141  9:15  Zergling x16  
  148  9:18  Overlord  
  148  9:19  Overseer  
  148  9:27  Muscular Augments  
  146  9:35  Overlord  
  146  9:44  Baneling x4  
  142  9:45  Hatchery  
  142  9:48  Hydralisk x2  
  142  9:51  Overlord x2  
  144  9:54  Hydralisk x4  
  144  9:56  Spore Crawler  
  144  9:57  Baneling x5  
  144  9:58  Overlord x2  
  151  10:06  Overlord x2  
  151  10:07  Baneling x4, Extractor x2  
  151  10:10  Zergling x24  
  154  10:14  Zergling x10  
  154  10:19  Hydralisk x2  
  161  10:21  Infestation Pit  
  161  10:25  Hydralisk x5  
  168  10:32  Zergling x2  
  168  10:33  Zergling x10  
  172  10:37  Zergling x2  
  172  10:41  Baneling x10  
  172  10:42  Zergling x8  
  175  10:48  Zergling x6  
  173  10:53  Zerg Missile Weapons Level 1  
  173  10:56  Hydralisk x8  
  188  11:02  Hive  
  188  11:04  Zergling x12  
  178  11:12  Zergling x10  
  181  11:22  Zergling x16  
  186  11:26  Zergling x4  
  186  11:27  Zergling x12  
  193  11:34  Baneling x8  
  193  11:37  Overlord  
  193  11:39  Zergling x14  
  194  11:42  Overlord  
  190  11:50  Zergling x2  
  190  11:51  Zergling x18  
  196  11:59  Zergling x2  
  196  12:01  Overseer  
  182  12:02  Baneling x6  
  182  12:05  Zergling x18  
  182  12:07  Baneling x7  
  190  12:12  Zergling x12  
  187  12:16  Zergling x2  
  179  12:22  Zerg Ground Armor Level 3  
  179  12:23  Viper x2  
  179  12:26  Zergling x2, Infestor  
  179  12:27  Zergling x8  
  185  12:32  Zergling x10  
  188  12:39  Zergling x6  
  188  12:41  Baneling  
  188  12:42  Baneling x12  
  188  12:49  Baneling x6  
  187  12:53  Zergling x8  
  187  12:57  Zerg Missile Weapons Level 2  
  189  13:02  Overlord x2  
  189  13:07  Burrow  
  180  13:13  Infestor x2  
  180  13:14  Zergling x18  
  184  13:22  Zergling x16  
  189  13:29  Zergling x14  
  189  13:33  Zergling x8  
  196  13:39  Zergling x8  
  200  13:47  Zergling x22  
  190  13:53  Zergling x12  
  180  13:57  Overseer  
  180  14:01  Zergling x10  
  180  14:02  Zergling x6  
  166  14:10  Zergling x16  
  166  14:16  Zergling x12  
  180  14:20  Overseer  
  180  14:30  Zergling x2  
  180  14:31  Zergling x20  
  174  14:40  Infestor  
  174  14:44  Zergling x10  
  174  14:50  Infestor  
  173  14:54  Baneling x9  
  173  14:56  Hydralisk x2  
  173  14:57  Zergling x14  
  173  15:03  Hatchery  
  173  15:05  Zergling x16  
  178  15:15  Infestor  
  178  15:16  Overseer  
  178  15:20  Baneling  
  178  15:21  Baneling x2  
  180  15:22  Zergling x24  
  185  15:32  Zergling x20  
  185  15:34  Infestor  
  185  15:40  Infestor  
  178  15:44  Baneling x7  
  178  15:46  Zergling x24  
  188  15:53  Hydralisk x2  
  188  15:55  Baneling x7  
  188  15:56  Baneling x6  
  190  16:02  Overlord x2  
  189  16:07  Baneling x13  
  187  16:17  Zergling x16  
  195  16:21  Infestor  
  193  16:31  Zergling x26  
  175  16:41  Baneling x6  
  175  16:43  Zergling x16  
  183  16:59  Hatchery  
  161  17:01  Zergling x20  
  166  17:08  Zergling x12  
  166  17:14  Infestor  
  166  17:15  Zergling x14, Infestor  
  171  17:22  Zergling x12  
  150  17:30  Zergling x2, Baneling x2  
  150  17:31  Zergling x10  
  150  17:34  Baneling x10  
  151  17:39  Zergling x2  
  151  17:40  Zergling x10  
  147  17:56  Overseer  
  147  17:57  Overseer  
  147  18:04  Overseer  
Show
View Real Time Build Order
Export as new Build Order

Clem Terran - Winner!

Build Orders: Reaper Expand, Hellion Banshee 

Get SALT Encoding   

  12  0:00  SCV  
  13  0:12  SCV  
  14  0:17  Supply Depot  
  14  0:24  SCV  
  15  0:38  SCV  
  15  0:40  Barracks  
  15  0:42  Refinery  
  16  0:50  SCV  
  17  1:03  SCV  
  18  1:15  SCV  
  19  1:26  Reaper  
  19  1:27  Orbital Command  
  20  1:38  Command Center  
  20  1:45  Supply Depot  
  20  1:52  SCV  
  21  1:58  Marine  
  22  2:05  SCV  
  23  2:09  Factory  
  23  2:17  SCV  
  23  2:19  Barracks Reactor  
  24  2:29  SCV  
  25  2:37  Command Center  
  25  2:41  SCV  
  26  2:51  Orbital Command  
  26  2:53  SCV  
  27  2:58  Starport  
  27  3:03  Refinery  
  27  3:05  SCV  
  28  3:09  Hellion  
  30  3:13  Hellion  
  30  3:16  Barracks Tech Lab  
  30  3:17  SCV  
  33  3:20  SCV  
  34  3:29  SCV  
  34  3:30  Hellion  
  34  3:32  SCV  
  38  3:35  Hellion  
  40  3:42  SCV  
  40  3:44  SCV, Banshee  
  45  3:49  Orbital Command  
  45  3:54  SCV  
  46  3:59  Hellion x2  
  46  4:00  SCV  
  49  4:06  SCV  
  49  4:09  Cloaking Field  
  47  4:12  SCV  
  47  4:15  SCV  
  49  4:18  SCV  
  51  4:24  SCV  
  51  4:27  Barracks Tech Lab, Banshee  
  51  4:28  SCV  
  55  4:32  SCV  
  55  4:33  Supply Depot  
  55  4:34  Hellion  
  55  4:36  SCV  
  59  4:40  SCV  
  59  4:44  SCV  
  59  4:45  Stimpack  
  61  4:54  Barracks  
  61  4:55  SCV x2  
  61  4:56  SCV  
  61  4:58  Supply Depot, Barracks  
  64  5:00  Marine  
  64  5:01  Factory Reactor  
  65  5:07  SCV  
  65  5:08  SCV, Orbital Command  
  65  5:10  Refinery x2  
  65  5:12  Engineering Bay  
  65  5:13  Engineering Bay  
  67  5:18  Marine  
  67  5:19  SCV  
  67  5:20  SCV  
  67  5:21  Supply Depot  
  70  5:29  Barracks x2  
  70  5:31  SCV  
  70  5:32  SCV  
  72  5:36  Marine  
  72  5:37  Starport Reactor  
  72  5:38  SCV  
  74  5:43  Supply Depot, SCV  
  74  5:44  SCV, Terran Infantry Weapons Level 1  
  74  5:46  Factory Reactor  
  74  5:47  Terran Infantry Armor Level 1  
  74  5:49  Marine  
  76  5:50  SCV, Marine  
  76  5:54  Marine  
  76  5:56  SCV  
  76  5:57  SCV  
  82  6:02  SCV  
  83  6:04  Marine  
  83  6:05  Marine  
  83  6:06  Supply Depot  
  83  6:07  Marine  
  83  6:08  SCV  
  83  6:09  SCV, Marine  
  89  6:14  Medivac, Marine  
  89  6:15  SCV  
  93  6:20  Barracks Reactor  
  93  6:23  Medivac  
  93  6:25  Supply Depot  
  93  6:27  Marine x2  
  93  6:28  SCV x2, Widow Mine x2  
  97  6:32  Marine  
  97  6:33  SCV  
  97  6:34  Marine  
  97  6:36  Marine  
  97  6:38  Marine  
  95  6:40  SCV x2  
  95  6:42  Refinery  
  95  6:43  Factory  
  95  6:44  Supply Depot  
  95  6:45  SCV, Combat Shield, Marine x2  
  98  6:47  Supply Depot  
  98  6:48  Medivac  
  98  6:50  Marine  
  98  6:52  SCV, Widow Mine, Marine  
  105  6:56  Marine  
  105  6:57  Armory  
  105  6:58  Marine x2  
  105  6:59  Marine  
  109  7:05  Marine  
  109  7:06  Barracks Reactor  
  109  7:11  Marine  
  109  7:14  Command Center  
  110  7:16  Marine x3  
  110  7:18  Widow Mine  
  110  7:19  Supply Depot  
  110  7:20  Widow Mine  
  117  7:22  Medivac  
  117  7:24  Medivac  
  117  7:25  Marine  
  117  7:28  Marine x2  
  117  7:29  Marine  
  125  7:36  Supply Depot  
  125  7:37  Supply Depot  
  125  7:39  Marine x2  
  125  7:41  Widow Mine, Marine  
  125  7:42  SCV x3  
  125  7:43  Marine  
  134  7:45  Supply Depot  
  134  7:46  Marine  
  129  7:54  SCV x3  
  129  7:55  Marine x2  
  129  7:57  Widow Mine x2, Marine  
  129  7:58  Marine  
  131  8:00  Marine  
  129  8:06  SCV x2  
  129  8:07  Widow Mine  
  129  8:08  SCV  
  129  8:12  Marine  
  135  8:15  Marine  
  135  8:18  SCV x2, Widow Mine  
  135  8:19  Marine  
  139  8:20  SCV  
  139  8:23  Widow Mine, Marine x2  
  139  8:25  Marine x2  
  147  8:27  Terran Infantry Weapons Level 2  
  147  8:28  Widow Mine  
  147  8:30  SCV  
  147  8:31  SCV  
  147  8:32  SCV  
  152  8:35  Terran Infantry Armor Level 2  
  152  8:39  Widow Mine  
  152  8:40  Medivac  
  156  8:43  SCV x2  
  156  8:44  Terran Vehicle And Ship Armor Level 1, Widow Mine, Marine  
  156  8:45  Marine x2  
  156  8:46  SCV  
  164  8:51  Supply Depot, Widow Mine  
  164  8:55  SCV, Sensor Tower, Planetary Fortress  
  164  9:02  Marine  
  164  9:03  SCV, Marine x2  
  164  9:04  Marine  
  164  9:09  Marine  
  172  9:10  Medivac, Widow Mine x2  
  172  9:11  Marine  
  172  9:12  Marine x2  
  172  9:13  SCV  
  172  9:14  SCV, Marine  
  168  9:17  Widow Mine  
  168  9:20  Marine x2  
  168  9:21  Marine  
  168  9:22  Marine  
  174  9:27  Barracks x2  
  174  9:29  SCV  
  174  9:31  Barracks  
  168  9:32  Widow Mine x2  
  168  9:35  Refinery  
  172  9:39  Medivac, Widow Mine, Marine  
  172  9:40  Medivac, Marine  
  172  9:42  Marine x2  
  182  9:46  Supply Depot  
  182  9:51  Marine x2  
  182  9:52  Marine x3  
  184  9:53  Widow Mine  
  184  9:56  Widow Mine  
  184  9:57  Marine x2  
  190  10:00  Marine x2  
  190  10:05  Widow Mine  
  190  10:07  Command Center  
  194  10:08  Drilling Claws  
  194  10:10  Marine  
  190  10:15  Widow Mine  
  190  10:16  Marine  
  190  10:17  Viking, Widow Mine  
  190  10:20  Refinery, SCV x3  
  200  10:37  Widow Mine  
  200  10:42  Ghost Academy, Command Center  
  198  10:44  Widow Mine  
  198  10:47  Marauder  
  189  10:51  Widow Mine  
  189  10:52  Marine  
  192  11:01  Widow Mine  
  189  11:04  Barracks Tech Lab x3  
  189  11:05  Widow Mine, Marine x2  
  189  11:08  Liberator, Marauder  
  189  11:10  Terran Infantry Weapons Level 3, Terran Infantry Armor Level 3  
  198  11:12  Widow Mine  
  195  11:22  Widow Mine  
  195  11:23  Marauder  
  196  11:28  Widow Mine, Marine x2  
  196  11:31  Terran Vehicle And Ship Armor Level 2  
  198  11:46  Command Center, Concussive Shells  
  196  11:47  Command Center, Marauder, Refinery  
  196  11:49  Missile Turret x2  
  196  11:50  Missile Turret, Medivac  
  196  11:51  Widow Mine  
  196  11:54  Marauder  
  198  11:55  Marine x2  
  198  11:56  Marauder x2  
  198  11:57  Widow Mine  
  194  12:05  Medivac  
  196  12:09  Marauder  
  196  12:13  Marine x2  
  196  12:15  Marauder  
  199  12:17  Widow Mine  
  199  12:18  Marauder x2, Marine x2  
  199  12:22  Marine  
  199  12:27  Liberator  
  192  12:33  Widow Mine  
  192  12:35  Liberator, Widow Mine  
  185  12:37  Ghost  
  185  12:38  Marauder, Marine  
  185  12:39  Marauder, Marine x2  
  185  12:43  SCV x2  
  191  12:50  Widow Mine, Marine x2  
  195  12:53  SCV  
  192  13:01  Widow Mine  
  192  13:04  Orbital Command  
  192  13:10  Medivac, Marauder x2  
  192  13:12  Widow Mine  
  188  13:13  Widow Mine, Marauder  
  188  13:18  Medivac, Sensor Tower  
  188  13:19  Marine x2  
  194  13:21  Marine  
  194  13:23  Widow Mine  
  195  13:27  Marine  
  195  13:32  Marine  
  195  13:33  Marine x2  
  195  13:34  Widow Mine, Marauder  
  200  13:44  Widow Mine  
  200  13:46  Widow Mine, Marine x4  
  183  13:49  Marine x4  
  183  13:50  Marine  
  183  13:52  Medivac  
  183  13:53  Marine x2  
  183  13:55  Widow Mine, Marine  
  181  14:02  Planetary Fortress  
  174  14:04  Marine  
  174  14:05  Widow Mine  
  174  14:07  Widow Mine  
  172  14:13  Ghost  
  172  14:14  Medivac  
  172  14:15  Marine x4  
  172  14:16  Widow Mine  
  167  14:20  Marine x2  
  168  14:24  Medivac  
  168  14:27  Widow Mine  
  168  14:29  Widow Mine, Marine  
  168  14:30  Marine  
  172  14:33  Marine  
  172  14:36  Ghost  
  172  14:38  Widow Mine  
  169  14:44  Medivac, Marine  
  159  14:48  Widow Mine  
  159  14:49  Ghost  
  159  14:51  Marine x2  
  165  14:54  Medivac  
  165  15:02  Sensor Tower  
  165  15:06  Orbital Command  
  161  15:11  Ghost  
  161  15:12  Ghost  
  161  15:13  Ghost  
  129  15:14  Medivac  
  163  15:15  Widow Mine x2  
  163  15:17  Widow Mine  
  171  15:22  Ghost  
  171  15:24  Medivac  
  173  15:34  Marine x2  
  166  15:36  Widow Mine  
  166  15:37  Widow Mine  
  166  15:38  Marine  
  166  15:39  Widow Mine  
  166  15:40  Ghost  
  169  15:43  Ghost x2  
  169  15:44  Medivac  
  171  15:51  Marine  
  171  15:54  Missile Turret, Medivac, Ghost  
  174  15:57  Widow Mine, Marine x2  
  174  15:58  Widow Mine  
  174  16:00  Widow Mine, Planetary Fortress  
  182  16:04  Sensor Tower  
  182  16:05  Missile Turret  
  182  16:09  SCV  
  184  16:11  SCV  
  184  16:16  Marine x5  
  184  16:18  Marauder  
  189  16:19  Widow Mine  
  189  16:20  SCV, Widow Mine  
  189  16:21  Cyclone  
  197  16:27  Marauder  
  199  16:37  Medivac  
  199  16:39  SCV x2  
  173  16:40  Widow Mine  
  173  16:41  Widow Mine, Marauder x3  
  173  16:44  SCV  
  173  16:46  SCV  
  181  16:49  Marauder, Marine  
  181  16:51  SCV  
  181  16:52  SCV  
  181  16:53  Widow Mine  
  178  17:03  Marauder x2, Ghost  
  178  17:04  Marine x2  
  178  17:05  Widow Mine, Marine x2  
  178  17:07  Marine x2  
  178  17:09  Ghost  
  175  17:21  Widow Mine, Marine  
  175  17:22  SCV, Marine  
  175  17:24  SCV  
  175  17:25  Orbital Command  
  175  17:26  SCV x2, Marine, Ghost  
  175  17:29  SCV  
  181  17:31  Marine  
  181  17:34  Marine  
  181  17:35  SCV  
  181  17:37  SCV  
  185  17:38  SCV  
  185  17:40  SCV  
  185  17:41  SCV  
  186  17:50  Widow Mine  
  181  17:53  Marauder x3  
  181  17:56  Refinery  
  181  17:57  Refinery, Widow Mine  
Tags
 
Add a new tag
Caveats
  • Supply blocks, unpowered buildings, or Contaminate may cause inaccurate times.
  • Supply counts are checked every 10 seconds.